[Event "ICC tourney 2349 (60 10)"]
[Site "Internet Chess Club"]
[Date "2021.01.31"]
[Round "5"]
[White "Thoshan"]
[Black "jedimastermatt"]
[Result "1-0"]
[ICCResult "Black resigns"]
[WhiteElo "1916"]
[BlackElo "1547"]
[Opening "French: Tarrasch, closed variation"]
[ECO "C05"]
[NIC "FR.16"]
[Time "13:00:27"]
[PlyCount "119"]
[TimeControl "3600+10"]

1. e4 e6 2. d4 d5 3. Nd2 Nf6 4. e5 Nfd7 5. Ngf3 c5 6. c3 Nc6 7. Nb3 h6 8.
Be2 Be7 9. O-O O-O 10. Re1 Re8 11. Bf4 b6 12. Rc1 Bb7 13. Nbd2 Rc8 14. a3
a5 15. Bd3 cxd4 16. cxd4 Na7 17. Rc3 Rxc3 18. bxc3 Bxa3 19. Bb1 Nf8 20. Nf1
Be7 21. Ng3 Ng6 22. Qd3 Bg5 23. Bxg5 hxg5 24. Qe3 Nc6 25. Bxg6 fxg6 26.
Nxg5 Qd7 27. Qf4 Nd8 28. Qh4 Nf7 29. Qh7+ Kf8 30. Qxg6 Nxg5 31. Qxg5 Qe7
32. Qg4 Rc8 33. Re3 Ke8 34. Nh5 Kd7 35. Nf4 Rf8 36. Ng6 Qf7 37. Nxf8+ Qxf8
38. Qe2 Kc7 39. c4 Ba6 40. Qh5 dxc4 41. d5 exd5 42. e6 Qe7 43. Qxd5 Qd6 44.
Qxd6+ Kxd6 45. e7 Bb5 46. e8=Q Bxe8 47. Rxe8 b5 48. Kf1 b4 49. Ra8 Kc5 50.
Rxa5+ Kd4 51. Ke2 Kc3 52. Rc5 b3 53. Kd1 Kd3 54. Rg5 c3 55. Rxg7 b2 56.
Rd7+ Kc4 57. Kc2 Kb4 58. Rb7+ Kc4 59. h4 b1=Q+ 60. Rxb1 { Black resigns }
1-0

[Event "ICC tourney 2349 (60 10)"]
[Site "Internet Chess Club"]
[Date "2021.01.31"]
[Round "5"]
[White "kaleblancman"]
[Black "ShadowApt"]
[Result "1/2-1/2"]
[ICCResult "Game drawn by mutual agreement"]
[WhiteElo "1825"]
[BlackElo "2090"]
[Opening "Queen's pawn: London system"]
[ECO "A45"]
[NIC "QP.07"]
[Time "13:00:19"]
[PlyCount "71"]
[TimeControl "3600+10"]

1. d4 Nf6 2. Bf4 d6 3. Nc3 g6 4. e4 Bg7 5. Qd2 O-O 6. O-O-O Nbd7 7. f3 c5
8. dxc5 Nxc5 9. h4 Qa5 10. Kb1 Qb4 11. Qe3 Be6 12. Nge2 Rac8 13. g4 h5 14.
Rg1 Na4 15. Nxa4 Qxa4 16. b3 Qa3 17. Qc1 Qxc1+ 18. Rxc1 hxg4 19. fxg4 Bxg4
20. Ng3 Bf3 21. Bg2 Bxg2 22. Rxg2 a5 23. Rh1 Rc5 24. h5 d5 25. h6 Bh8 26.
e5 Nh7 27. Nf5 Re8 28. Nh4 d4 29. e6 g5 30. Nf3 fxe6 31. Nxg5 Nxg5 32. Bxg5
Kh7 33. Re1 Rg8 34. Bxe7 Rxg2 35. Bxc5 Kxh6 36. Rxe6+ { Game drawn by
mutual agreement } 1/2-1/2

[Event "ICC tourney 2349 (60 10)"]
[Site "Internet Chess Club"]
[Date "2021.01.31"]
[Round "5"]
[White "Pandemonium06"]
[Black "acushemama"]
[Result "0-1"]
[ICCResult "White resigns"]
[WhiteElo "1378"]
[BlackElo "1584"]
[Opening "Sicilian: Alapin's variation (2.c3)"]
[ECO "B22"]
[NIC "SI.46"]
[Time "13:00:19"]
[PlyCount "130"]
[TimeControl "3600+10"]

1. e4 c5 2. c3 e6 3. d4 Nf6 4. e5 Nd5 5. Nf3 d6 6. Bd2 Nc6 7. c4 Nb6 8. d5
exd5 9. cxd5 Nxd5 10. Qb3 Nc7 11. exd6 Bxd6 12. Nc3 O-O 13. Bd3 Re8+ 14.
Ne2 Be6 15. Qc2 h6 16. O-O Nd5 17. a3 Bg4 18. Ng3 Bxf3 19. gxf3 Ne5 20. Be4
Be7 21. Rad1 Nf6 22. Bxh6 Qc7 23. Bf4 Nxf3+ 24. Bxf3 Qxf4 25. Bxb7 Rab8 26.
Bg2 c4 27. Rc1 Rec8 28. Rfe1 Bc5 29. Ne4 Nxe4 30. Rxe4 Qf6 31. Rb1 Bd4 32.
Rbe1 Bxb2 33. Bh3 Rd8 34. Bf5 g6 35. Rg4 Qc3 36. Re3 Qxc2 37. Bxc2 c3 38.
Rf3 Kg7 39. Rgf4 Rb7 40. Be4 Rc7 41. Bc2 Rd2 42. Bb3 c2 43. Rxf7+ Rxf7 44.
Rxf7+ Kh6 45. Bxc2 Rxc2 46. Rxa7 Rc1+ 47. Kg2 Ra1 48. a4 Bc3 49. Rc7 Ra3
50. Rc5 Bd4 51. Rc4 Ba7 52. Rh4+ Kg5 53. Rb4 Ra2 54. Rb5+ Kh6 55. h3 Rxa4
56. Rb2 Bd4 57. Re2 Ra5 58. Re4 Rg5+ 59. Rg4 Rxg4+ 60. hxg4 Be5 61. Kf3 Kg5
62. Ke4 Bh2 63. f3 Bf4 64. Kd5 Kh4 65. Ke4 Kg3 { White resigns } 0-1

[Event "ICC tourney 2349 (60 10)"]
[Site "Internet Chess Club"]
[Date "2021.01.31"]
[Round "5"]
[White "kaiphoenix"]
[Black "aritroc"]
[Result "0-1"]
[ICCResult "White resigns"]
[WhiteElo "1532"]
[BlackElo "1917"]
[Opening "Queen's pawn: London system"]
[ECO "A45"]
[NIC "QP.07"]
[Time "13:00:36"]
[PlyCount "98"]
[TimeControl "3600+10"]

1. d4 Nf6 2. Bf4 g6 3. Nc3 Bg7 4. e4 d6 5. Qd2 c6 6. f3 b5 7. a3 Qb6 8.
Nge2 Be6 9. O-O-O a5 10. e5 Nfd7 11. exd6 b4 12. Nb1 Nc5 13. dxc5 bxa3 14.
c3 a2 15. cxb6 Bf5 16. d7+ Nxd7 17. Qxd7+ Bxd7 18. b7 Rb8 19. Bxb8 Bf5 20.
Bc7 axb1=Q+ 21. Kd2 Qxb2+ 22. Ke1 O-O 23. b8=Q Rxb8 24. Bxb8 Qxb8 25. Nd4
Bxd4 26. cxd4 Qb4+ 27. Kf2 Bc2 28. Rc1 Qxd4+ 29. Kg3 Qd6+ 30. Kh3 Qe6+ 31.
g4 Qb3 32. Bg2 h5 33. gxh5 gxh5 34. Rhe1 Bf5+ 35. Kg3 Qb8+ 36. f4 h4+ 37.
Kf3 Qb3+ 38. Kf2 e6 39. Bxc6 a4 40. Bf3 a3 41. Rc8+ Kg7 42. Ra8 a2 43. Re2
Bb1 44. f5 e5 45. h3 Qb6+ 46. Kg2 Qd4 47. Raxa2 Bxa2 48. Rxa2 Kf6 49. Bg4
Qd5+ { White resigns } 0-1

[Event "ICC tourney 2349 (60 10)"]
[Site "Internet Chess Club"]
[Date "2021.01.31"]
[Round "5"]
[White "guineapig25"]
[Black "edmehu"]
[Result "1/2-1/2"]
[ICCResult "Game drawn by mutual agreement"]
[WhiteElo "2044"]
[BlackElo "2212"]
[Opening "Sicilian: accelerated fianchetto, modern variation"]
[ECO "B34"]
[NIC "SI.33"]
[Time "13:00:35"]
[PlyCount "59"]
[TimeControl "3600+10"]

1. e4 c5 2. Nf3 Nc6 3. d4 cxd4 4. Nxd4 g6 5. Nc3 Bg7 6. Nb3 Nf6 7. Be2 O-O
8. O-O d6 9. Bg5 Bd7 10. Kh1 Qc8 11. f4 Rd8 12. Bd3 Be6 13. f5 Bxb3 14.
axb3 d5 15. Bxf6 Bxf6 16. Nxd5 Bxb2 17. Rb1 Bg7 18. Qf3 Rf8 19. Bc4 Qd7 20.
Rbd1 Ne5 21. Qf4 Qd6 22. Ne3 Qc6 23. Bd5 Qc7 24. Ng4 Rac8 25. f6 exf6 26.
Nxf6+ Bxf6 27. Qxf6 Ng4 28. Qf4 Qxf4 29. Rxf4 Ne3 30. Rd2 { Game drawn by
mutual agreement } 1/2-1/2

[Event "ICC tourney 2349 (60 10)"]
[Site "Internet Chess Club"]
[Date "2021.01.31"]
[Round "5"]
[White "nicochasin"]
[Black "danh07"]
[Result "1-0"]
[ICCResult "Black resigns"]
[WhiteElo "2432"]
[BlackElo "1852"]
[Opening "Nimzo-Indian defense"]
[ECO "E20"]
[NIC "NI.30"]
[Time "13:00:18"]
[PlyCount "153"]
[TimeControl "3600+10"]

1. d4 Nf6 2. c4 e6 3. Nc3 Bb4 4. Bd2 d5 5. e3 O-O 6. Nf3 c5 7. a3 Bxc3 8.
Bxc3 Ne4 9. cxd5 Nxc3 10. bxc3 exd5 11. Bd3 g6 12. h4 Bg4 13. Qb1 Qb6 14.
Ne5 Be6 15. Qxb6 axb6 16. Kd2 Nc6 17. Nxc6 bxc6 18. Rhb1 c4 19. Bc2 Ra6 20.
Ra2 Rfa8 21. f3 f5 22. e4 fxe4 23. fxe4 dxe4 24. Bxe4 Bd5 25. Bxd5+ cxd5
26. Kc2 Rxa3 27. Rxa3 Rxa3 28. Rxb6 Ra2+ 29. Rb2 Rxb2+ 30. Kxb2 Kf7 31. Ka3
Kf6 32. g4 h5 33. g5+ Kf5 34. Kb4 Ke4 35. Kc5 Kd3 36. Kxd5 Kxc3 37. Ke5 Kb3
38. d5 c3 39. d6 c2 40. d7 c1=Q 41. d8=Q Qc3+ 42. Qd4 Qh3 43. Qe4 Qf1 44.
Qxg6 Qa1+ 45. Kd5 Qa5+ 46. Ke6 Qe1+ 47. Kf7 Qxh4 48. Qe6+ Ka4 49. Qc6+ Kb3
50. Qb7+ Kc2 51. Qc7+ Kb1 52. g6 Qf2+ 53. Ke6 Qa2+ 54. Kf6 Qf2+ 55. Kg5 h4
56. g7 Qe3+ 57. Qf4 Qb3 58. Qf1+ Kb2 59. Qf6+ Ka2 60. Qf2+ Kb1 61. Kh6 Qe6+
62. Kh5 Qg8 63. Qf8 Qd5+ 64. Kg6 Qg2+ 65. Kh7 Qe4+ 66. Kh6 Qc6+ 67. Kh7
Qe4+ 68. Kh8 Qe5 69. Qb4+ Kc1 70. Qxh4 Kb2 71. Qg4 Qh2+ 72. Kg8 Qb8+ 73.
Kf7 Qc7+ 74. Kf6 Qd8+ 75. Kg6 Qd6+ 76. Kh5 Qc5+ 77. Qg5 { Black resigns }
1-0

[Event "ICC tourney 2349 (60 10)"]
[Site "Internet Chess Club"]
[Date "2021.01.31"]
[Round "5"]
[White "danilattack"]
[Black "RogerZ"]
[Result "1-0"]
[ICCResult "Black resigns"]
[WhiteElo "1785"]
[BlackElo "1930"]
[Opening "King's Indian: Semi-Averbakh system"]
[ECO "E73"]
[NIC "KI.27"]
[Time "13:00:20"]
[PlyCount "93"]
[TimeControl "3600+10"]

1. d4 Nf6 2. c4 g6 3. Nc3 Bg7 4. e4 d6 5. Be2 O-O 6. Be3 c5 7. Nf3 Ng4 8.
Bf4 cxd4 9. Nxd4 Bxd4 10. Bxg4 Qb6 11. O-O Bxg4 12. Qxg4 Qxb2 13. Nd5 Nc6
14. Bh6 Bg7 15. Bxg7 Kxg7 16. Rab1 Qxa2 17. Rxb7 Qxc4 18. Rc7 Qa6 19. Qd7
Nd4 20. g3 Qe2 21. Qxe7 Qf3 22. h3 Ne2+ 23. Kh2 Nxg3 24. Rc3 Nxf1+ 25. Kg1
Rfe8 26. Rxf3 Rxe7 27. Nxe7 Nd2 28. Rd3 Nxe4 29. Rd4 Ng5 30. Kg2 a5 31.
Rxd6 a4 32. Rd2 Ne6 33. Nc6 a3 34. Ra2 Nc7 35. Nd4 Nb5 36. Nxb5 f5 37. Rxa3
Rxa3 38. Nxa3 g5 39. Nc4 Kf6 40. Kg3 h5 41. h4 f4+ 42. Kf3 gxh4 43. Kxf4 h3
44. Kg3 Kf5 45. Kxh3 Ke4 46. Nd2+ Kd3 47. Kh4 { Black resigns } 1-0

[Event "ICC tourney 2349 (60 10)"]
[Site "Internet Chess Club"]
[Date "2021.01.31"]
[Round "5"]
[White "knasta"]
[Black "maxwellmassiah"]
[Result "1-0"]
[ICCResult "Black checkmated"]
[WhiteElo "1886"]
[BlackElo "1738"]
[Opening "Sicilian: Hungarian variation"]
[ECO "B34"]
[NIC "SI.33"]
[Time "13:00:18"]
[PlyCount "81"]
[TimeControl "3600+10"]

1. e4 c5 2. Nf3 g6 3. d4 cxd4 4. Nxd4 Nc6 5. Be3 Bg7 6. Nc3 Nf6 7. Nxc6
bxc6 8. e5 Ng8 9. Bd4 f6 10. f4 Nh6 11. exf6 Bxf6 12. Bxf6 exf6 13. Qd2 Nf7
14. O-O-O O-O 15. Bc4 Kg7 16. Rhe1 Rb8 17. Bb3 d5 18. Na4 a5 19. Qc3 Qd6
20. g3 Rb5 21. Qe3 Qc7 22. Qe7 Rb7 23. Qe3 Nd6 24. Nc5 Rb5 25. Qc3 Qb6 26.
Ne6+ Bxe6 27. Rxe6 Rd8 28. Qxf6+ Kh6 29. Re7 Nf7 30. Rxf7 Qe3+ 31. Kb1 Qxf4
32. Qxf4+ g5 33. Qf6+ Kh5 34. Qxd8 Rxb3 35. axb3 a4 36. Rf5 h6 37. h3 Kg6
38. Qf6+ Kh7 39. Re5 a3 40. Re7+ Kg8 41. Qg7# { Black checkmated } 1-0

[Event "ICC tourney 2349 (60 10)"]
[Site "Internet Chess Club"]
[Date "2021.01.31"]
[Round "5"]
[White "davika21"]
[Black "outpost"]
[Result "0-1"]
[ICCResult "White resigns"]
[WhiteElo "1898"]
[BlackElo "1799"]
[Opening "Sicilian: Alapin's variation (2.c3)"]
[ECO "B22"]
[NIC "SI.47"]
[Time "13:01:07"]
[PlyCount "180"]
[TimeControl "3600+10"]

1. e4 c5 2. c3 Nf6 3. e5 Nd5 4. d4 cxd4 5. Nf3 e6 6. cxd4 d6 7. Bc4 Nb6 8.
Bd3 Nc6 9. O-O Nb4 10. Bb5+ Bd7 11. Nc3 Bxb5 12. Nxb5 Qd7 13. a4 a6 14.
Nxd6+ Bxd6 15. exd6 Qxd6 16. Bg5 O-O 17. Qb3 a5 18. Bh4 Rac8 19. Rac1 Qd5
20. Qxd5 N6xd5 21. Ne5 Nf4 22. Kh1 Nfd3 23. Rb1 f6 24. Nxd3 Nxd3 25. Rfd1
Nb4 26. f3 b6 27. Be1 Rfd8 28. Kg1 Rc4 29. Bf2 Nd5 30. b3 Rc2 31. Rdc1 Rdc8
32. Rxc2 Rxc2 33. Kf1 Nc3 34. Re1 Kf7 35. Re3 Nd5 36. Rd3 Ke7 37. Be1 Rxg2
38. Kxg2 Nf4+ 39. Kf1 Nxd3 40. Bd2 Kd6 41. Ke2 Nb4 42. Bf4+ Kc6 43. Kd2 Nd5
44. Bg3 Ne7 45. Kd3 Nf5 46. Bf2 Kd5 47. Bg1 g5 48. Bf2 h5 49. Bg1 Nh4 50.
Ke3 Ng2+ 51. Kd3 Nf4+ 52. Kd2 Ng6 53. Bf2 f5 54. Kd3 f4 55. Bg1 Ne7 56. Bf2
Nf5 57. Bg1 g4 58. fxg4 hxg4 59. Bf2 Nd6 60. Be1 Ne4 61. Bh4 g3 62. hxg3
fxg3 63. Ke3 g2 64. Bf2 Nxf2 65. Kxf2 Kxd4 66. Kxg2 Kd3 67. Kf3 e5 68. Kf2
e4 69. Ke1 Kc3 70. Ke2 Kxb3 71. Ke3 Kxa4 72. Kxe4 Kb4 73. Kd3 Kb3 74. Kd2
Kb2 75. Kd1 a4 76. Kd2 a3 77. Kd1 a2 78. Kd2 a1=Q 79. Kd3 Qc1 80. Ke2 b5
81. Kd3 b4 82. Ke2 b3 83. Kd3 Ka2 84. Kd4 b2 85. Kd3 b1=Q+ 86. Kd4 Qbc2 87.
Ke5 Q2d2 88. Ke4 Qce1+ 89. Kf3 Qdf2+ 90. Kg4 Qeg1+ { White resigns } 0-1

[Event "ICC tourney 2349 (60 10)"]
[Site "Internet Chess Club"]
[Date "2021.01.31"]
[Round "6"]
[White "syunmaximus"]
[Black "IcePotato"]
[Result "0-1"]
[ICCResult "White checkmated"]
[WhiteElo "1112"]
[BlackElo "1298"]
[Opening "QGD: 3.Nc3"]
[ECO "D31"]
[NIC "QO.17"]
[Time "16:02:34"]
[PlyCount "84"]
[TimeControl "3600+10"]

1. d4 e6 2. c4 d5 3. Nc3 f5 4. Nf3 Nf6 5. Bg5 Bb4 6. e3 O-O 7. Bd3 c6 8.
O-O Nbd7 9. a3 Ba5 10. b4 Bc7 11. Ne5 Nxe5 12. dxe5 Bxe5 13. Ne2 Bxa1 14.
Qxa1 b6 15. Nd4 Qd6 16. Qc3 Ng4 17. g3 h6 18. Bf4 e5 19. Bxe5 Qxe5 20. f4
Qxe3+ 21. Kh1 Nf2+ 22. Kg2 Qxd3 23. Qxd3 Nxd3 24. Nxc6 Bb7 25. Ne7+ Kh7 26.
cxd5 Rf7 27. Rd1 Rxe7 28. Rxd3 Rd7 29. Kf2 Rxd5 30. Rxd5 Bxd5 31. a4 Rc8
32. a5 bxa5 33. b5 Rc2+ 34. Kg1 g5 35. fxg5 hxg5 36. b6 axb6 37. h4 gxh4
38. gxh4 f4 39. h5 a4 40. h6 a3 41. Kf1 a2 42. Ke1 a1=Q# { White checkmated
} 0-1

[Event "ICC tourney 2349 (60 10)"]
[Site "Internet Chess Club"]
[Date "2021.01.31"]
[Round "6"]
[White "Seanblustin"]
[Black "aarm2008"]
[Result "0-1"]
[ICCResult "White checkmated"]
[WhiteElo "831"]
[BlackElo "1709"]
[Opening "Caro-Kann: exchange variation"]
[ECO "B13"]
[NIC "CK.02"]
[Time "16:02:35"]
[PlyCount "58"]
[TimeControl "3600+10"]

1. e4 c6 2. d4 d5 3. exd5 cxd5 4. Nc3 Nf6 5. Nf3 Nc6 6. Bb5 Bg4 7. Be3 e6
8. Qe2 Bb4 9. Bg5 a6 10. Ba4 b5 11. Bb3 Nxd4 12. Qe3 Bxf3 13. gxf3 Bc5 14.
O-O Nxb3 15. Qe2 Nxa1 16. Rxa1 h6 17. Bh4 g5 18. Bg3 Bd6 19. Re1 Bxg3 20.
fxg3 Qd6 21. Qd3 g4 22. Qd4 Qe7 23. Nxd5 Nxd5 24. Qxh8+ Qf8 25. Qd4 Qb4 26.
Qh8+ Ke7 27. Rxe6+ Kxe6 28. Qxa8 Qe1+ 29. Kg2 Ne3# { White checkmated } 0-1

[Event "ICC tourney 2349 (60 10)"]
[Site "Internet Chess Club"]
[Date "2021.01.31"]
[Round "6"]
[White "Baseballchamp"]
[Black "nicochasin"]
[Result "0-1"]
[ICCResult "White resigns"]
[WhiteElo "1925"]
[BlackElo "2432"]
[Opening "Sicilian: Alapin's variation (2.c3)"]
[ECO "B22"]
[NIC "SI.46"]
[Time "16:02:30"]
[PlyCount "48"]
[TimeControl "3600+10"]

1. e4 c5 2. c3 Nf6 3. e5 Nd5 4. Nf3 d6 5. Bc4 Nb6 6. Bb3 Nc6 7. exd6 Qxd6
8. Na3 a6 9. O-O Be6 10. Re1 Bxb3 11. Qxb3 Na5 12. Qc2 e6 13. d4 cxd4 14.
Nxd4 Be7 15. Qe4 O-O 16. Bf4 Qd5 17. Nac2 Qxe4 18. Rxe4 Nd5 19. Bg3 Rac8
20. Ne3 Nxe3 21. Rxe3 Nc4 22. Re2 Bf6 23. Rd1 Rfd8 24. Kf1 e5 { White
resigns } 0-1

[Event "ICC tourney 2349 (60 10)"]
[Site "Internet Chess Club"]
[Date "2021.01.31"]
[Round "6"]
[White "Chesssmolbrain"]
[Black "sylviem"]
[Result "0-1"]
[ICCResult "White resigns"]
[WhiteElo "1393"]
[BlackElo "1519"]
[Opening "Queen's pawn game"]
[ECO "A45"]
[NIC "QP.07"]
[Time "16:02:17"]
[PlyCount "78"]
[TimeControl "3600+10"]

1. d4 Nf6 2. Nc3 g6 3. e4 d5 4. e5 Ne4 5. Nce2 c5 6. f3 Qa5+ 7. c3 Nxc3 8.
Nxc3 cxd4 9. Qxd4 e6 10. Qa4+ Qxa4 11. Nxa4 Bd7 12. Nc3 Nc6 13. Bb5 Nxe5
14. Bf4 Bg7 15. Nge2 Bxb5 16. Nxb5 O-O 17. Rc1 Nd3+ 18. Kd2 Nxc1 19. Rxc1
Bxb2 20. Rc7 a6 21. Nd6 b5 22. Bh6 Bg7 23. Bxg7 Kxg7 24. Nf4 Kg8 25. h4
Rad8 26. Nb7 Rc8 27. Rxc8 Rxc8 28. Nd6 Rc6 29. Ne8 Rc4 30. g3 Ra4 31. Nf6+
Kg7 32. Ne8+ Kf8 33. Nf6 Rxa2+ 34. Ke3 b4 35. Nxh7+ Kg7 36. Ng5 b3 37. Nd3
b2 38. Nxb2 Rxb2 39. g4 a5 { White resigns } 0-1

[Event "ICC tourney 2349 (60 10)"]
[Site "Internet Chess Club"]
[Date "2021.01.31"]
[Round "6"]
[White "concretesteve1"]
[Black "Thoshan"]
[Result "0-1"]
[ICCResult "White checkmated"]
[WhiteElo "1408"]
[BlackElo "1916"]
[Opening "Vienna gambit: Breyer variation"]
[ECO "C29"]
[NIC "VG.03"]
[Time "16:02:22"]
[PlyCount "68"]
[TimeControl "3600+10"]

1. e4 e5 2. Nc3 Nf6 3. f4 d5 4. fxe5 Nxe4 5. Nf3 Be7 6. g3 O-O 7. Bg2 Bg4
8. O-O Nc6 9. d4 Nxd4 10. Nxe4 dxe4 11. Qxd4 exf3 12. Qxd8 Bc5+ 13. Rf2
Bxf2+ 14. Kxf2 Raxd8 15. Bxf3 Bxf3 16. Kxf3 Rd1 17. b3 Rfd8 18. Bb2 Rxa1
19. Bxa1 Rd2 20. h4 Rxc2 21. a4 Ra2 22. Bd4 Ra3 23. Bxa7 b6 24. Bb8 Rxb3+
25. Kg4 c5 26. e6 fxe6 27. a5 bxa5 28. Be5 a4 29. Bb2 Rxb2 30. Kh5 a3 31.
g4 Rg2 32. g5 g6+ 33. Kh6 Rh2 34. h5 Rxh5# { White checkmated } 0-1

[Event "ICC tourney 2349 (60 10)"]
[Site "Internet Chess Club"]
[Date "2021.01.31"]
[Round "6"]
[White "turtlemasterjo"]
[Black "Alycatheawesome"]
[Result "1-0"]
[ICCResult "Black resigns"]
[WhiteElo "1655"]
[BlackElo "1411"]
[Opening "Scandinavian: Pytel-Wade variation"]
[ECO "B01"]
[NIC "SD.02"]
[Time "16:03:01"]
[PlyCount "77"]
[TimeControl "3600+10"]

1. e4 d5 2. exd5 Qxd5 3. Nc3 Qd6 4. d4 c6 5. Bc4 Nf6 6. Nge2 Bf5 7. Bf4 Qb4
8. Bb3 Nbd7 9. Ng3 Bg6 10. O-O e6 11. Re1 Be7 12. Nge4 O-O 13. a3 Qb6 14.
f3 e5 15. Be3 exd4 16. Bxd4 c5 17. Bf2 Rad8 18. Qe2 Rfe8 19. Rad1 Nxe4 20.
Nxe4 Qc6 21. Nc3 Nf6 22. Ba4 Qe6 23. Bxe8 Rxe8 24. Qxe6 fxe6 25. Rxe6 Bxc2
26. Rde1 Kf7 27. R6e2 Bd3 28. Re3 Bf5 29. Re5 Bd7 30. Nd5 Nxd5 31. Rxd5 Bc6
32. Rf5+ Kg6 33. Rfe5 Kf7 34. Kh1 b6 35. Rb1 Kf6 36. Re2 Rd8 37. Rbe1 Rd7
38. Re6+ Kf7 39. Rxc6 { Black resigns } 1-0

[Event "ICC tourney 2349 (60 10)"]
[Site "Internet Chess Club"]
[Date "2021.01.31"]
[Round "6"]
[White "Strawberrydevil"]
[Black "TheChessKid90"]
[Result "0-1"]
[ICCResult "White resigns"]
[WhiteElo "1668"]
[BlackElo "1210"]
[Opening "Caro-Kann: classical, Spassky variation"]
[ECO "B19"]
[NIC "CK.12"]
[Time "16:02:40"]
[PlyCount "144"]
[TimeControl "3600+10"]

1. e4 c6 2. d4 d5 3. Nc3 dxe4 4. Nxe4 Bf5 5. Ng3 Bg6 6. h4 h6 7. Nf3 Nd7 8.
h5 Bh7 9. Bd3 Bxd3 10. Qxd3 Ngf6 11. Bd2 e6 12. Ne4 Nxe4 13. Qxe4 Nf6 14.
Qe2 Bd6 15. O-O-O a5 16. c4 Bb4 17. Bf4 O-O 18. a3 Bd6 19. Bxd6 Qxd6 20.
Ne5 Nd7 21. Nxd7 Qxd7 22. g4 Qe7 23. f4 Rad8 24. Rhg1 Qf6 25. Qd2 c5 26. d5
exd5 27. cxd5 b6 28. g5 hxg5 29. fxg5 Qf5 30. h6 g6 31. Qc3 f6 32. Rdf1 Qe5
33. gxf6 Qxc3+ 34. bxc3 Kh7 35. c4 Rd6 36. f7 Kxh6 37. Rg2 Kg7 38. Rgf2 Rd7
39. Rb2 Rb7 40. Kd2 Rfxf7 41. Rxf7+ Kxf7 42. Ke3 Kf6 43. Kf4 a4 44. Re2 g5+
45. Kg4 b5 46. Rb2 b4 47. axb4 cxb4 48. c5 b3 49. c6 Rc7 50. Rf2+ Ke5 51.
Rf5+ Kd6 52. Rf2 Kxd5 53. Kxg5 Rxc6 54. Rf5+ Kd6 55. Rf4 b2 56. Rb4 a3 57.
Kf5 a2 58. Rxb2 a1=Q 59. Rd2+ Kc7 60. Kf4 Qc1 61. Ke3 Qxd2+ 62. Kxd2 Kd6
63. Kd3 Kd5 64. Ke3 Rc4 65. Kd3 Kc5 66. Ke3 Rd4 67. Kf3 Kd5 68. Ke3 Ke5 69.
Kf3 Re4 70. Kf2 Kf4 71. Kf1 Kf3 72. Kg1 Rh4 { White resigns } 0-1

[Event "ICC tourney 2349 (60 10)"]
[Site "Internet Chess Club"]
[Date "2021.01.31"]
[Round "6"]
[White "kellen50158"]
[Black "iamtanmay"]
[Result "1-0"]
[ICCResult "Black checkmated"]
[WhiteElo "1288"]
[BlackElo "997"]
[Opening "Four knights: Italian variation"]
[ECO "C55"]
[NIC "IG.01"]
[Time "16:02:52"]
[PlyCount "149"]
[TimeControl "3600+10"]

1. e4 e5 2. Nf3 Nc6 3. Bc4 Nf6 4. Nc3 Nxe4 5. Bxf7+ Kxf7 6. Nxe4 d5 7.
Neg5+ Ke8 8. d3 Bg4 9. h3 Bh5 10. g4 Bg6 11. Bd2 Qd7 12. Qe2 Bd6 13. O-O-O
h6 14. Nxe5 Nxe5 15. Nf3 Qe7 16. Nxe5 Qxe5 17. Qxe5+ Bxe5 18. Rde1 Kd7 19.
Rxe5 c6 20. Rhe1 Rhe8 21. Rxe8 Rxe8 22. Rxe8 Bxe8 23. Bc3 g6 24. Bg7 h5 25.
gxh5 gxh5 26. Kd2 Bg6 27. Ke3 Ke6 28. Bd4 b6 29. Kf4 c5 30. Bc3 d4 31. Bd2
b5 32. Kg5 Bf7 33. Bf4 c4 34. Bb8 a5 35. Ba7 Kd5 36. Bb6 a4 37. a3 c3 38.
bxc3 dxc3 39. Ba5 Kd4 40. f4 Bb3 41. f5 Bxc2 42. f6 Bxd3 43. Bxc3+ Kxc3 44.
f7 b4 45. f8=Q b3 46. Qb4+ Kc2 47. Qc5+ Kd2 48. Qf2+ Be2 49. Qd4+ Bd3 50.
Qb2+ Ke3 51. Kxh5 Be2+ 52. Kg5 Kf3 53. h4 Kf2 54. h5 Ke3 55. h6 Bd3 56. Kf6
Ke4 57. Kg7 Ke3 58. h7 Bxh7 59. Kxh7 Kd3 60. Qc1 Kd4 61. Kg8 Kd3 62. Kf7
Kd4 63. Ke8 Kd5 64. Kd7 Kd4 65. Kc6 Kd3 66. Kb5 b2 67. Qxb2 Ke3 68. Qc2 Kf4
69. Qd3 Ke5 70. Qc4 Kd6 71. Qe4 Kd7 72. Qe5 Kc8 73. Qe7 Kb8 74. Kb6 Kc8 75.
Qc7# { Black checkmated } 1-0

[Event "ICC tourney 2349 (60 10)"]
[Site "Internet Chess Club"]
[Date "2021.01.31"]
[Round "6"]
[White "vsausemicheal"]
[Black "niftyfountain"]
[Result "1-0"]
[ICCResult "Black checkmated"]
[WhiteElo "1679"]
[BlackElo "1357"]
[Opening "Queen's bishop game"]
[ECO "D00"]
[NIC "QP.08"]
[Time "16:02:37"]
[PlyCount "45"]
[TimeControl "3600+10"]

1. d4 d5 2. Bf4 Nf6 3. Nf3 e6 4. e3 c5 5. c3 Nc6 6. Bd3 Be7 7. Nbd2 O-O 8.
Ne5 Qb6 9. b3 cxd4 10. exd4 Ba3 11. Rb1 Be7 12. h4 h6 13. Qf3 Nd7 14. Qg3
Kh8 15. Ndf3 Bf6 16. Bxh6 Ndxe5 17. dxe5 gxh6 18. exf6 Rg8 19. Qf4 Rxg2 20.
Qxh6+ Kg8 21. Bh7+ Kh8 22. Bg6+ Kg8 23. Qg7# { Black checkmated } 1-0

[Event "ICC tourney 2349 (60 10)"]
[Site "Internet Chess Club"]
[Date "2021.01.31"]
[Round "6"]
[White "acushemama"]
[Black "SAsameer"]
[Result "0-1"]
[ICCResult "White checkmated"]
[WhiteElo "1584"]
[BlackElo "1393"]
[Opening "QGD: Grau (Sahovic) defense"]
[ECO "D06"]
[NIC "QP.08"]
[Time "16:02:20"]
[PlyCount "82"]
[TimeControl "3600+10"]

1. d4 d5 2. c4 Bf5 3. Nf3 e6 4. Nc3 c6 5. Bf4 Nf6 6. e3 Nbd7 7. Be2 Be7 8.
O-O Ne4 9. Nxe4 dxe4 10. Ne5 f6 11. Nxd7 Qxd7 12. Qd2 g5 13. Bg3 h5 14. h3
g4 15. hxg4 Bxg4 16. f3 exf3 17. Bxf3 f5 18. Be5 Rh7 19. Kf2 Bxf3 20. gxf3
Bh4+ 21. Ke2 O-O-O 22. Rg1 Rf7 23. Rac1 Bf6 24. Bxf6 Rxf6 25. Rg2 e5 26. d5
c5 27. Rcg1 Rdf8 28. Rg7 R6f7 29. R7g6 b6 30. Rc6+ Kb7 31. Qe1 Rf6 32. Rxf6
Rxf6 33. b3 e4 34. f4 b5 35. Qh4 Ra6 36. Ra1 Qg7 37. Qg5 Qb2+ 38. Kf1 Qxa1+
39. Kg2 Rxa2+ 40. Kh3 Qh1+ 41. Kg3 Rg2# { White checkmated } 0-1

[Event "ICC tourney 2349 (60 10)"]
[Site "Internet Chess Club"]
[Date "2021.01.31"]
[Round "6"]
[White "nikhilthota"]
[Black "H2ODerp"]
[Result "0-1"]
[ICCResult "White resigns"]
[WhiteElo "1844"]
[BlackElo "2075"]
[Opening "Réti v Dutch"]
[ECO "A04"]
[NIC "QP.11"]
[Time "16:02:18"]
[PlyCount "48"]
[TimeControl "3600+10"]

1. Nf3 f5 2. d4 Nf6 3. c4 g6 4. Nc3 Bg7 5. Bf4 d6 6. e3 c6 7. Be2 O-O 8.
O-O Nh5 9. Bg3 Qe8 10. d5 a5 11. Nd4 Nxg3 12. fxg3 Na6 13. Bf3 e5 14. dxe6
Bxe6 15. Ncb5 Bxc4 16. Nxd6 Qxe3+ 17. Rf2 Bxd4 18. Qc2 Qxf2+ 19. Qxf2 Bxf2+
20. Kxf2 Bd5 21. Be2 Nc5 22. Bc4 Ne4+ 23. Nxe4 fxe4+ 24. Kg1 Bxc4 { White
resigns } 0-1

[Event "ICC tourney 2349 (60 10)"]
[Site "Internet Chess Club"]
[Date "2021.01.31"]
[Round "6"]
[White "ShadowApt"]
[Black "agent1337"]
[Result "1-0"]
[ICCResult "Black checkmated"]
[WhiteElo "2090"]
[BlackElo "1670"]
[Opening "Sicilian: closed"]
[ECO "B23"]
[NIC "SI.44"]
[Time "16:02:30"]
[PlyCount "59"]
[TimeControl "3600+10"]

1. e4 c5 2. Nc3 e6 3. f4 d5 4. Nf3 dxe4 5. Nxe4 Nf6 6. Nxf6+ Qxf6 7. g3 Bd7
8. Bg2 Bc6 9. O-O Bd6 10. c3 c4 11. d4 cxd3 12. Qxd3 Bc5+ 13. Kh1 O-O 14.
Be3 Bxe3 15. Qxe3 Nd7 16. Rad1 Nb6 17. Ne5 Bxg2+ 18. Kxg2 Nd5 19. Qf3 Qe7
20. Rd4 b5 21. Re1 f6 22. Rxd5 exd5 23. Qxd5+ Rf7 24. Qxa8+ Qd8 25. Qxd8+
Rf8 26. Qd5+ Kh8 27. Nf7+ Kg8 28. Nh6+ Kh8 29. Qg8+ Rxg8 30. Nf7# { Black
checkmated } 1-0